 Dungeon Crawl Stone Soup version 0.28.0-43-g3370ac3207 (webtiles) character file.

Game seed: 3563217147644618811

333 issech the Cudgeller (level 6, -5/61 HPs)
             Began as a Troll Monk on Mar 20, 2022.
             Engulfed by a steam dragon's steam (10 damage)
             ... on level 5 of the Dungeon.
             The game lasted 00:11:21 (2702 turns).

issech the Cudgeller (Troll Monk)                   Turns: 2702, Time: 00:11:22

Health: -5/61      AC:  4    Str: 20    XL:     6   Next: 27%
Magic:  5/5        EV: 11    Int:  6    God:
Gold:   246        SH:  0    Dex: 14    Spells: 5/5 levels left

rFire   . . .      SeeInvis .   m - +0 flail
rCold   . . .      Faith    .   (no shield)
rNeg    . . .      Spirit   .   b - +0 robe
rPois   .          Reflect  .   (helmet restricted)
rElec   .          Harm     .   (no cloak)
rCorr   .          Rampage  .   (gloves unavailable)
Will    .....                   (boots unavailable)
Stlth   ++........              (no amulet)
HPRegen 1.00/turn               (no ring)
MPRegen 0.09/turn               (no ring)

@: no status effects
A: large, unfitting armour, claws 3, regeneration 1, shaggy fur 1, tough skin 1
a: no special abilities


You were on level 5 of the Dungeon.
You visited 1 branch of the dungeon, and saw 5 of its levels.

You collected 246 gold pieces.

Inventory:

Hand Weapons
 a - a +0 mace
 k - a +0 whip
 m - a +0 flail (weapon)
Missiles
 d - 43 sling bullets
 e - 94 stones (quivered)
 i - 104 arrows
Armour
 b - a +0 robe (worn)
Wands
 s - a wand of charming (6)
Scrolls
 h - a scroll of vulnerability {unknown}
 j - 4 scrolls of identify {unknown}
 l - a scroll of immolation {unknown}
 o - 2 scrolls of teleportation {unknown}
 q - a scroll of magic mapping {unknown}
Potions
 c - a potion of curing {unknown}
 f - a potion of heal wounds {unknown}
 g - a potion of lignification {unknown}
 n - 3 potions of mutation {unknown}
 p - a potion of degeneration {unknown}
 r - a potion of flight {unknown}


   Skills:
 + Level 3.6 Fighting
 + Level 4.3 Maces & Flails
 + Level 3.9 Dodging
 + Level 1.3 Stealth


You had 5 spell levels left.
You didn't know any spells.
Your spell library was empty.

Dungeon Overview and Level Annotations

Branches:
Dungeon (5/15)
 Temple: D:4-7

Altars:
Gozag
Vehumet

Shops:
D:4 (

Annotations:
D:2 Pargi
D:4 exclusion: statue


Innate Abilities, Weirdness & Mutations

You are too large for most types of armour.
You have claws for hands.
Your natural rate of healing is unusually fast.
You are covered in fur. (AC +1)
You have tough skin. (AC +1)


Message History

s - a wand of charming (6)
A hound zombie comes into view.
Found a bubbling blue potion.
Found a scroll labelled GEQAAVVU JIERPHAKI.
You sock the hound zombie! You claw the hound zombie!
The hound zombie is almost destroyed.
The hound zombie bites you but does no damage.
You hit the hound zombie.
You destroy the hound zombie!
n - 3 bubbling blue potions (gained 1)
j - 4 scrolls labelled GEQAAVVU JIERPHAKI (gained 1)
Found an escape hatch in the floor.
You now have 237 gold pieces (gained 9).
Found a glowing ruby potion.
You now have 246 gold pieces (gained 9).
A steam dragon comes into view.
The steam dragon hisses angrily.
You see here a glowing ruby potion.
The steam dragon barely misses you.
The steam dragon claws you but does no damage.
You completely miss the steam dragon. You claw the steam dragon!
The steam dragon is moderately wounded.
The steam dragon bites you! The steam dragon misses you.
You sock the steam dragon!
The steam dragon is severely wounded.
The steam dragon breathes steam at you. The ball of steam hits you!!
The steam dragon bites you! The steam dragon closely misses you.
You hit the steam dragon.
The steam dragon is severely wounded.
You are engulfed in a cloud of scalding steam.
* * * LOW HITPOINT WARNING * * *
The steam dragon bites you!
* * * LOW HITPOINT WARNING * * *
The steam dragon barely misses you.
Unknown command.
You closely miss the steam dragon.
The steam dragon is severely wounded.
You are engulfed in a cloud of scalding steam.
You die...

#........ ...........
... ............#....
............#...
...............#
...............#
###............######
##
.....####...#....#..#
.#
.....#.>.§.§!@D......
.#
.##...§.§§§.........
.# #..........###....
.# #..............#..
.# ##....####.......
. .# #......#
#........
.#####......#
#........
............#
#........
............#
#......##


You could see a steam dragon (catching breath).

Vanquished Creatures
  A sky beast (D:4)
  A centaur skeleton (D:4)
  An orc wizard (D:2)
  An iguana (D:4)
  A hound zombie (D:5)
  6 adders
  An ufetubus (D:5)
  3 worms
  A dart slug (D:2)
  4 orcs (D:2)
  5 endoplasms
  2 giant cockroaches
  3 goblins
  5 hobgoblins
  10 jackals
  4 quokkas
  8 ball pythons
  4 bats
  A frilled lizard (D:2)
  4 kobolds
  4 rats
70 creatures vanquished.

Vanquished Creatures (others)
  A plant (D:3)
1 creature vanquished.

Grand Total: 71 creatures vanquished

Notes
Turn   | Place    | Note
-------+----------+-------------------------------------------
     0 | D:1      | issech the Troll Monk began the quest for the Orb.
     0 | D:1      | Reached XP level 1. HP: 22/22 MP: 0/0
   160 | D:1      | Found a faded altar of an unknown god.
   225 | D:1      | Reached XP level 2. HP: 28/29 MP: 1/1
  1014 | D:2      | Reached skill level 3 in Maces & Flails
  1014 | D:2      | Reached XP level 3. HP: 35/37 MP: 2/2
  1062 | D:2      | Identified the +1 pair of gloves of Dim Light {Int+6}
  1135 | D:2      | Reached XP level 4. HP: 45/45 MP: 3/3
  1574 | D:3      | Noticed Pargi
  2013 | D:3      | Reached XP level 5. HP: 16/53 MP: 4/4
  2040 | D:3      | You fall into a shaft and drop 1 floor!
  2119 | D:4      | Noticed a sky beast
  2150 | D:4      | Killed a sky beast
  2151 | D:4      | Reached skill level 4 in Maces & Flails
  2151 | D:4      | Reached XP level 6. HP: 42/61 MP: 5/5
  2202 | D:4      | Found a radiant altar of Vehumet.
  2434 | D:4      | Found Kotel's Weapon Boutique.
  2506 | D:4      | Found an opulent altar of Gozag.
  2589 | D:5      | Entered Level 5 of the Dungeon
  2694 | D:5      | Noticed a steam dragon
  2702 | D:5      | Engulfed by a steam dragon's steam

Illustrated notes

Levels and vault maps discovered:
D:1:      nagdon_arrival_double_spiral, layout_loops_corners,
          basic_ecumenical_altar
D:2:      layout_rooms, minmay_bisected
D:3:      layout_rooms, serial_forest, infiniplex_forest_straight_2,
          infiniplex_forest_lined_room_2, infiniplex_forest_lined_room_2,
          infiniplex_forest_clump_medium, infiniplex_forest_clump_medium,
          infiniplex_forest_lined_ring, minmay_close_crescents, uniq_terence,
          uniq_natasha, uniq_pargi, uniq_crazy_yiuf_cottage
D:4:      layout_rooms, lemuel_crystal_altar, vehumet_statue, serial_shops,
          shop, minmay_crystal_water
D:5:      layout_basic, gammafunk_temple_overflow_claw, minmay_crossroads

Skill      XL: |  1  2  3  4  5 |
---------------+----------------+-----
Fighting       | 3 |  3.6
Maces & Flails | 3 4 |  4.3
Dodging        | 3 |  3.9
Stealth        | |  1.3

Action                   |  1- 3 |  4- 6 || total
-------------------------+-------+-------++-------
Melee: Mace              |    91 |    61 ||   152
       Punch             |     1 |     7 ||     8
       Flail             |       |   130 ||   130
Armor: Robe              |    45 |    84 ||   129
Dodge: Dodged            |    53 |   156 ||   209
